 Dungeon Crawl Stone Soup version 0.30.1-9-gdf580d7c3d (webtiles) character file.

Game seed: 12081986820702356692

20146 tizbic2 the Fighter (level 12, -23/136 HPs)
             Began as an Ogre Transmuter on Sept 30, 2023.
             Was a Priest of Dithmenos.
             Annihilated by a boulder beetle (45 damage)
             ... on level 10 of the Dungeon.
             The game lasted 00:54:09 (12011 turns).

tizbic2 the Fighter (Ogre Transmuter)              Turns: 12011, Time: 00:54:10

Health: -23/136    AC:  9    Str: 23    XL:     12   Next: 76%
Magic:  25/25      EV: 11    Int: 16    God:    Dithmenos [***...]
Gold:   621        SH:  0    Dex:  9    Spells: 12/29 levels left

rFire   . . .        m - staff of cold
rCold   + . .        (no shield)
rNeg    . . .        O - +0 troll leather armour
rPois   .            L - melded +0 hat
rElec   .            (no cloak)
rCorr   .            (gloves unavailable)
SInv    .            (boots unavailable)
Will    +....        K - amulet of the acrobat
Stlth   +            U - ring of Xom's Wantonness {Wiz Str+4}
HPRegen 1.22/turn    t - +4 ring of protection
MPRegen 0.19/turn

%: acrobat, wizardry (x1)
@: appendages, wreathed by umbra, studying 2 skills
A: horns 2, talons 2, large, unfitting armour, tough skin 1
a: End Transformation, Renounce Religion, Shadow Step


You were on level 10 of the Dungeon.
You worshipped Dithmenos.
Dithmenos was most pleased with you.
You had temporarily grown beastly horns and talons.
You visited 2 branches of the dungeon, and saw 12 of its levels.
You also visited: Sewer and Bailey.

You collected 770 gold pieces.
You spent 149 gold pieces at shops.

Inventory:

Hand Weapons
 d - a +2 antimagic dagger
 w - a +4 whip of draining
 E - a +5 dagger of freezing
 H - a +1 long sword of holy wrath
 Q - the +3 spear of Aximomyu {vamp, rF+ Int+3 Dex+2}
   (You took it off a gnoll sergeant on level 7 of the Dungeon)

   Int:       It affects your intelligence (+3).
   Dex:       It affects your dexterity (+2).
   rF:        It protects you from fire.
Missiles
 e - 2 silver javelins
 j - 81 stones
 q - 29 poisoned darts
 x - 9 boomerangs
 A - 3 curare-tipped darts
 B - a throwing net
Armour
 l - a +2 robe of willpower
 L - a +0 hat (melded)
 N - a +1 robe of resistance
 O - a +0 troll leather armour (worn)
 T - a +2 kite shield
Magical Staves
 m - a staff of cold (weapon)
 R - the staff of poison "Xuschong" {Contam rElec rPois rN+ Int+3}
   (You took it off a gnoll on level 7 of the Dungeon)

   [staff of poison]

   Base accuracy: +5 Base damage: 5 Base attack delay: 1.2 This weapon's minimum
   attack delay (0.6) is reached at skill level 12.
   Int:       It affects your intelligence (+3).
   rElec:     It insulates you from electricity.
   rPois:     It protects you from poison.
   rN:        It protects you from negative energy.
   Contam:    It causes magical contamination when unequipped.
   It falls into the 'Staves' category.
   It is a one-handed weapon.
Jewellery
 b - a ring of willpower
 g - a ring of protection from fire
 t - a +4 ring of protection (right hand)
 F - a +6 ring of dexterity
 J - a ring of fire
 K - an amulet of the acrobat (around neck)
 M - a ring of willpower
 U - the ring of Xom's Wantonness (left hand) {Wiz Str+4}
   (You found it on level 7 of the Dungeon)

   [ring of wizardry]

   It improves your spell success rate.
   Str:       It affects your strength (+4).
Wands
 p - a wand of charming (10)
 P - a wand of mindburst (11)
 S - a wand of flame (19)
Scrolls
 c - 3 scrolls of fog
 o - 2 scrolls of summoning
 s - a scroll of noise
 v - 4 scrolls of teleportation
 G - a scroll of amnesia
Potions
 a - a potion of cancellation {unknown}
 f - 2 potions of might
 h - 6 potions of heal wounds
 i - a potion of haste
 k - 4 potions of curing
 n - 2 potions of lignification
 r - a potion of attraction {unknown}
 u - a potion of flight {unknown}
 z - 2 potions of mutation {unknown}
 C - 2 potions of magic
 D - 2 potions of brilliance
 I - a potion of berserk rage {unknown}


   Skills:
 * Level 13.6 Fighting
 - Level 2.1 Maces & Flails
 + Level 6.3 Dodging
 * Level 10.8 Unarmed Combat
 + Level 9.1 Spellcasting
 + Level 6.8 Transmutations
 * Level 6.4 Ice Magic
 - Level 3.1 Poison Magic


You had 12 spell levels left.
You knew the following spells:

 Your Spells              Type           Power      Damage    Failure   Level
a - Beastly Appendage     Tmut           58%        N/A       1%          1
b - Spider Form           Tmut/Pois      23%        N/A       1%          3
c - Ice Form              Ice/Tmut       42%        N/A       3%          4
d - Wereblood             Tmut           29%        N/A       1%          2
e - Ozocubu's Armour      Ice            41%        N/A       1%          3
f - Summon Ice Beast      Ice/Summ       26%        N/A       12%         4

Your spell library contained the following spells:

 Spells                   Type           Power      Damage    Failure   Level
 Freeze                   Ice            100%       1d10      1%          1
 Hailstorm                Conj/Ice       26%        3d7       3%          3
 Apportation              Tloc           14%        N/A       4%          1
 Foxfire                  Conj/Fire      28%        2x1d5     4%          1
 Necrotise                Necr           28%        1d5       4%          1
 Summon Small Mammal      Summ           28%        N/A       4%          1
 Lesser Beckoning         Tloc           14%        N/A       7%          2
 Gell's Gravitas          Tloc           7%         N/A       14%         3
 Summon Guardian Golem    Hex/Summ       7%         N/A       14%         3
 Teleport Other           Tloc           7%         N/A       14%         3
 Vampiric Draining        Necr           7%         2d6       14%         3
 Sticky Flame             Conj/Fire      7%         2d3       41%         4
 Freezing Cloud           Conj/Ice/Air   10%        6-21      45%         5
 Agony                    Necr           7%         N/A       75%         5
 Fireball                 Conj/Fire      3%         3d4       75%         5
 Plasma Beam              Fire/Air       3%         2x1d15    99%         6
 Starburst                Conj/Fire      3%         6d3       99%         6
 Orb of Destruction       Conj           3%         9d5       100%        7
 Spellforged Servitor     Conj/Summ      3%         N/A       100%        7
 Polar Vortex             Ice            20%        N/A       100%        9


Dungeon Overview and Level Annotations

Branches:
Dungeon (11/15)            Temple (1/1) D:7            Lair (0/5) D:8
  Sewer (visited)          Bailey (visited)
    Orc: D:9-12

Altars:
Ashenzari
Cheibriados
Dithmenos
Elyvilon
Fedhas
Gozag
Hepliaklqana
Kikubaaqudgha
Makhleb
Nemelex Xobeh
Okawaru
Ru
Sif Muna
Trog
Uskayaw
Vehumet
Wu Jian
Xom
Yredelemnul
Zin
The Shining One

Shops:
D:1 !   D:7 [   D:9 (![


Innate Abilities, Weirdness & Mutations

You have temporarily grown beastly horns and talons.
You are too large for most types of armour.
You have tough skin. (AC +1)


Message History

You punch the boulder beetle! You freeze the boulder beetle.
The boulder beetle is heavily wounded.
The troll bites you. The troll claws you but does no damage.
The troll closely misses you. The boulder beetle misses you.
You hit the boulder beetle but do no damage.
The boulder beetle is heavily wounded.
The troll barely misses you. The troll claws you. The troll barely misses you.
The boulder beetle bites you!
The orc priest invokes the aid of Beogh against you.
Beogh smites you!
An orc priest comes into view. It is wielding a +0 dagger.
You barely miss the troll. The troll bites you! The troll claws you!
The troll barely misses you. The boulder beetle barely misses you.
An orc warrior comes into view. It is wielding a +0 hand axe.
The troll misses you.
The troll claws you! x2; The boulder beetle bites you!
The orc priest invokes the aid of Beogh against you.
Beogh smites you!
* * * LOW HITPOINT WARNING * * *
You climb upwards.
There is a stone staircase leading down here.
Casting: Ice Form (mildly dangerous; 2% risk of failure)
Confirm with . or Enter, or press ? or * to list all spells.
You warm up again.
Your staff of cold unmelds from your body.
Your +0 hat unmelds from your body.
Your +0 troll leather armour unmelds from your body.
You grow a pair of large bovine horns.
Your feet morph into talons.
Your +0 hat melds into your body.
The boulder beetle bites you.
* * * LOW HITPOINT WARNING * * *
The troll bites you!
* * * LOW HITPOINT WARNING * * *
The troll barely misses you. The troll claws you!
* * * LOW HITPOINT WARNING * * *
Blink to where?
Press: ? - help, Dir - move target
As you read the scroll of blinking, it crumbles to dust.
The boulder beetle curls into a ball and begins rolling!
There is an escape hatch in the ceiling here.
The boulder beetle hits you!!!
You die...

.....#####..........T...# #.#
##...#####............#.# #.#
.#...............####.#.# #.#
...........##.#.........# #.#
...........##.##T####...#####.#
.....##.##.##.##°# ##.........#
.....##.##.##.##○# #......#####
.....##.##.##.##B# #....#.#
........##.##.##@# #..#.#.#######
...#.##.##.##.##.# #..#.#........
....>...>..##.##.# #..#.#########
.).#..........##<# #..#.# #..
...#.##.########.###.<#.# #.#
.....##.#######...##..#.# #.#
...###.#........#.......# #.#
...)..###<....#...##.##########.#
######.#.#.##.................#.#


You could see a boulder beetle (rolling) and a troll.

Vanquished Creatures
  3 two-headed ogres
  Pikel (D:9)
  The ghost of Kurtz the Cleaver, a novice TeFi (D:7)
  An ugly thing (D:10)
  Joseph (D:8)
  A hornet (D:8)
  2 trolls (D:9)
  A shadow (D:9)
  Eustachio (D:5)
  13 yaks
  A steam dragon (D:6)
  Grum (D:7)
  Menkaure (D:7)
  Duvessa (D:7)
  2 water moccasins
  12 orc warriors
  3 ice beasts
  2 black bears
  3 ogres
  2 wolves (D:7)
  A phantom (D:4)
  2 kobold brigands
  4 bullfrogs
  2 gnoll sergeants (D:7)
  2 scorpions
  20 wights
  Dowan (D:7)
  7 killer bees
  5 howler monkeys
  A gnoll bouda (D:7)
  4 hounds
  8 orc priests
  3 jellies (D:5)
  2 sleepcaps
  4 iguanas
  13 orc wizards
  15 gnolls
  11 adders
  A river rat (D:4)
  An ufetubus (D:4)
  5 worms
  A dart slug (D:4)
  62 orcs
  7 ball pythons
  3 bats
  4 endoplasms
  4 giant cockroaches
  12 hobgoblins
  6 jackals
  7 quokkas
  A frilled lizard (D:2)
  17 goblins
  10 kobolds
  6 rats
305 creatures vanquished.

Notes
Turn   | Place    | Note
-------+----------+-------------------------------------------
     0 | D:1      | tizbic2 the Ogre Transmuter began the quest for the Orb.
     0 | D:1      | Reached XP level 1. HP: 19/19 MP: 3/3
   423 | D:1      | Reached XP level 2. HP: 22/28 MP: 3/5
   474 | D:1      | Found Taunaxa's Distillery.
   482 | D:1      | Bought a potion of degeneration for 13 gold pieces
   753 | D:2      | Reached skill level 2 in Fighting
   986 | D:2      | Reached XP level 3. HP: 35/35 MP: 4/6
  1356 | D:3      | Found a blossoming altar of Fedhas.
  1416 | D:3      | Found an ancient bone altar of Kikubaaqudgha.
  1789 | D:3      | Found a white marble altar of Elyvilon.
  1810 | D:3      | Found a glowing golden altar of the Shining One.
  1864 | D:3      | Reached XP level 4. HP: 44/44 MP: 6/8
  2015 | D:3      | Learned a level 3 spell: Spider Form
  2192 | D:4      | Noticed a phantom
  2250 | D:4      | Reached skill level 3 in Fighting
  2260 | D:4      | Killed a phantom
  2261 | D:4      | Reached XP level 5. HP: 45/53 MP: 7/9
  2407 | D:4      | Reached XP level 6. HP: 49/62 MP: 11/11
  2471 | D:4      | Reached skill level 4 in Fighting
  2691 | D:4      | Reached XP level 7. HP: 64/71 MP: 10/12
  2694 | D:4      | Found a glowing drain.
  2702 | Sewer    | Entered a sewer
  2755 | Sewer    | Reached skill level 5 in Fighting
  3880 | D:5      | Entered Level 5 of the Dungeon
  3950 | D:5      | Noticed Eustachio
  3969 | D:5      | Killed Eustachio
  3970 | D:5      | Reached skill level 5 in Unarmed Combat
  4000 | D:5      | Reached XP level 8. HP: 75/83 MP: 4/14
  4015 | D:5      | Reached skill level 6 in Fighting
  4581 | D:5      | Reached skill level 7 in Fighting
  5085 | D:5      | Learned a level 4 spell: Ice Form
  5212 | D:6      | Reached skill level 5 in Spellcasting
  5477 | D:6      | Reached skill level 1 in Ice Magic
  5553 | D:6      | Reached XP level 9. HP: 72/93 MP: 16/16
  5794 | D:6      | Reached skill level 1 in Maces & Flails
  6058 | D:6      | Reached skill level 8 in Fighting
  6652 | D:6      | Reached skill level 11 in Fighting
  6652 | D:6      | Reached XP level 10. HP: 108/111 MP: 17/21
  7031 | D:7      | Found a staircase to the Ecumenical Temple.
  7042 | D:7      | Found a sacrificial altar of Ru.
  7047 | Temple   | Entered the Ecumenical Temple
  7097 | Temple   | Became a worshipper of Dithmenos the Shadowed
  7133 | D:7      | Found a flagged portal.
  7142 | Bailey   | Entered a bailey
  7351 | Bailey   | Reached skill level 12 in Fighting
  7351 | Bailey   | Reached skill level 5 in Dodging
  7351 | Bailey   | Reached XP level 11. HP: 108/123 MP: 21/23
  7487 | Bailey   | Reached * piety under Dithmenos
  7519 | Bailey   | Noticed an orc warlord
  7805 | D:7      | Found a transporter.
  7806 | D:7      | Noticed Menkaure
  7813 | D:7      | Killed Menkaure
  7813 | D:7      | Noticed Kurtz's ghost (novice TeFi)
  7820 | D:7      | Noticed Grum
  7834 | D:7      | Identified the +3 spear of Aximomyu {vamp, rF+ Int+3 Dex+2}
  7834 | D:7      | Identified the +1 scale mail of Awe {rN+ Str+4 Stlth+}
  7874 | D:7      | Identified the staff of poison "Xuschong" {Contam rElec
                  | rPois rN+ Int+3}
  7875 | D:7      | Found a transporter.
  8026 | D:7      | Noticed Dowan
  8043 | D:7      | Noticed Duvessa
  8052 | D:7      | Killed Duvessa
  8056 | D:7      | Killed Dowan
  8058 | D:7      | Reached skill level 10 in Unarmed Combat
  8364 | D:7      | Reached ** piety under Dithmenos
  8365 | D:7      | Reached skill level 5 in Ice Magic
  8641 | D:7      | Found Rocud's Armour Emporium.
  8942 | D:8      | Found a staircase to the Lair.
  9224 | D:8      | Noticed Joseph
  9230 | D:8      | Killed Joseph
  9284 | D:8      | Found a shimmering blue altar of Sif Muna.
  9345 | D:8      | Noticed a two-headed ogre
  9355 | D:8      | Killed a two-headed ogre
  9356 | D:8      | Reached XP level 12. HP: 104/132 MP: 21/24
  9471 | D:8      | Found a radiant altar of Vehumet.
  9734 | D:9      | Noticed Pikel
  9752 | D:9      | Killed Pikel
  9816 | D:9      | Found Biusmi's Armour Shoppe.
  9824 | D:9      | Bought a +0 hat for 56 gold pieces
  9976 | D:9      | Found a snail-covered altar of Cheibriados.
  9980 | D:9      | Found a bloodstained altar of Trog.
  9987 | D:9      | Noticed a two-headed ogre
  9992 | D:9      | Killed a two-headed ogre
 10034 | D:9      | Reached skill level 13 in Fighting
 10267 | D:9      | Found Muvop's Weapon Boutique.
 10399 | D:9      | Found Uffeguer's Distillery.
 10409 | D:9      | Bought a potion of heal wounds for 80 gold pieces
 10447 | D:9      | Reached *** piety under Dithmenos
 10961 | D:7      | Killed Kurtz's ghost
 10969 | D:7      | Killed Grum
 11049 | D:7      | Identified the ring of Xom's Wantonness {Wiz Str+4}
 11059 | D:7      | Learned a level 2 spell: Wereblood
 11297 | D:10     | Entered Level 10 of the Dungeon
 11345 | D:10     | Identified the +1 plate armour "Zimusk" {+Blink Dex+2}
 11517 | D:10     | Noticed a two-headed ogre
 11533 | D:10     | Killed a two-headed ogre
 11835 | D:10     | Identified a scroll of acquirement
 11835 | D:10     | Acquired tizbic2's Tome of Chilled Phlogiston
 11842 | D:10     | Learned a level 3 spell: Ozocubu's Armour
 11847 | D:10     | Learned a level 4 spell: Summon Ice Beast
 11989 | D:11     | Noticed a boulder beetle
 12011 | D:10     | Annihilated by a boulder beetle

Illustrated notes

Levels and vault maps discovered:
D:1:      ebering_trefoil_3fold, layout_basic, serial_shops, shop,
          due_unseen_surprise
D:2:      layout_loops_ring
D:3:      layout_basic, nicolae_overflow_crystal_walls,
          mainiacjoe_overflow_boulevard, old_standard_altar, tso_altar,
          patterned_corridor
D:4:      kennysheep_spiral_hall, layout_cave_pods, lightli_sewer_entry_pipes,
          st_stairs_4
D:5:      minmay_razor_zed, layout_basic, minmay_misc_feat_ornament,
          grunt_ministairs_1, uniq_eustachio
D:6:      layout_layer_cave, minmay_manual_monstrance
D:7:      layout_basic, general_overflow_altar, minmay_temple_entry_trees,
          enter_bailey_6, gammafunk_ghost_gnarly_gnolls, serial_shops,
          nicolae_shop_pleasant_corner_grove, eino_tiny_chamber, minmay_holes,
          uniq_duvessa, uniq_menkaure
D:8:      layout_loops_corners, marbit_many_paths,
          nicolae_sif_muna_little_library, lair_entry_dummy,
          serial_park_tiny_pond, uniq_joseph
D:9:      layout_gridville, nicolae_overflow_hidden_temple, serial_shops,
          nicolae_shop_tiny_statue_garden, shop, shop, uniq_pikel
D:10:     layout_loops_ring, minmay_parallelograms
D:11:     layout_rooms, erik_orc_4, enter_trove_3
Temple:   nicolae_temple_ecumenical_triangle

Skill      XL: |  1  2  3  4  5  6  7  8  9 10 11 12 |
---------------+-------------------------------------+-----
Unarmed Combat | 3 4 5 6 8 9 10 | 10.8
Dodging        | 2 3 4 5 6 |  6.3
Fighting       | 2 3 4 5 7 11 12 13 | 13.6
Transmutations | 2 3 4 6 |  6.8
Spellcasting   | 3 4 5 7 8 9 |  9.1
Ice Magic      | 1 4 5 6 |  6.4
Maces & Flails | 2 |  2.1
Poison Magic   | 3 |  3.1

Action                     |  1- 3 |  4- 6 |  7- 9 | 10-12 || total
---------------------------+-------+-------+-------+-------++-------
  Melee: Unarmed           |    89 |       |   168 |   397 ||   654
         Headbutt          |     8 |    11 |     9 |     6 ||    34
         Kick              |    14 |    22 |    14 |     9 ||    59
         Punch             |     4 |     2 |     6 |     4 ||    16
         Dire flail        |    25 |       |       |       ||    25
         Whip              |    15 |   122 |   101 |       ||   238
         Long sword        |       |       |       |    20 ||    20
   Cast: Beastly Appendage |    19 |    10 |     8 |    12 ||    49
         Spider Form       |       |       |    23 |    18 ||    41
         Ice Form          |       |       |     2 |    22 ||    24
    Use: Potion            |     1 |       |     3 |     2 ||     6
         Scroll            |       |       |    12 |    11 ||    23
   Stab: Sleeping          |       |       |     1 |       ||     1
 Armour: Robe              |    47 |    72 |    48 |     7 ||   174
         Skin              |     1 |       |    39 |    74 ||   114
         Troll leather arm |       |       |       |     4 ||     4
  Dodge: Dodged            |    66 |    70 |   170 |   309 ||   615
